 Dungeon Crawl Stone Soup version 0.26.0-16-gc1dbca0489 (webtiles) character file.

Game seed: 14226335017070152130

81 inqbanana the Skirmisher (level 4, 0/49 HPs)
             Began as an Ogre Chaos Knight on Jan 20, 2021.
             Was a Plaything of Xom.
             Succumbed to a worker ant's poison
             ... on level 2 of the Dungeon.
             The game lasted 00:02:21 (1531 turns).

inqbanana the Skirmisher (Ogre Chaos Knight)        Turns: 1531, Time: 00:02:21

Health: 0/49       AC:  5    Str: 16    XL:     4   Next: 42%
Magic:  4/4        EV: 10    Int: 13    God:    Xom [..*...]
Gold:   78         SH:  0    Dex:  9    Spells: 3/3 levels left

rFire    . . .     SeeInvis .   a - +0 mace (chaos)
rCold    . . .     Faith    .   (no shield)
rNeg     . . .     Spirit   .   b - +2 robe
rPois    .         Reflect  .   (helmet restricted)
rElec    .         Harm     .   (no cloak)
rCorr    .         Rampage  .   (gloves unavailable)
Will     .....                  (boots unavailable)
Stlth    +.........             (no amulet)
HPRegen  0.16/turn              (no ring)
MPRegen  0.09/turn              (no ring)

@: lethally poisoned (0 -> -2), attractive
A: large, unfitting armour, tough skin 1
a: Renounce Religion


You were on level 2 of the Dungeon.
You worshipped Xom.
You were a toy of Xom.
You visited 1 branch of the dungeon, and saw 2 of its levels.

You collected 78 gold pieces.

Inventory:

Hand Weapons
 a - a +0 mace of chaos (weapon)
Armour
 b - a +2 robe (worn)
Jewellery
 f - an uncursed ring of fire
Scrolls
 e - a scroll of identify {unknown}
 g - a scroll of remove curse
 h - 2 scrolls of teleportation
Potions
 d - a potion of magic


   Skills:
 + Level 4.6 Fighting
 * Level 3.5 Maces & Flails
 + Level 1.1 Armour
 + Level 2.7 Dodging


You had 3 spell levels left.
You didn't know any spells.
Your spell library was empty.

Dungeon Overview and Level Annotations

Branches:
Dungeon (2/15)

Altars:


Innate Abilities, Weirdness & Mutations

You are too large for most types of armour.
You have tough skin. (AC +1)


Message History

You feel sick.
* * * LOW HITPOINT WARNING * * *
You feel sick.
You see here a leopard gecko skeleton.
* * * LOW HITPOINT WARNING * * *
You feel sick.
* * * LOW HITPOINT WARNING * * *
You feel sick.
There is an open door here.
Really quaff the potion of attraction? [Y]es or [N]o only, please.
Really quaff the potion of attraction?
You feel attractive to monsters.
* * * LOW HITPOINT WARNING * * *
You feel sick.
* * * LOW HITPOINT WARNING * * *
You feel sick.
There is an open door here.
You die...
Xom cackles wildly!

####.##...###รท####..# .#
#)###### #.# #... <
######.# #.# #.###
##...##.# ##'## #.#
#.....#.# ##...###.#####
#.......# ##.....## ...
#......## ##.......## ##.
##......####.........####..
##...)...@'.........+ ....
#.#...####.........# #..
#.##.## ##.......## ###.
#.#### ##.....## #... #.#
#.. .....## #.## #.#
#.####..## #.#
#####.######.# #..# #.#
#.........##.#
##..#######.#
#.###.###.##.#
#...........#


There were no monsters in sight!

Vanquished Creatures
  A worker ant (D:2)
  An adder (D:2)
  An adder skeleton (D:2)
  3 leopard geckos
  A ball python (D:2)
  4 bats (D:1)
  A giant cockroach (D:2)
  A goblin (D:1)
  7 hobgoblins
  5 jackals (D:1)
  A quokka (D:2)
  6 frilled lizards (D:1)
  3 kobolds (D:1)
  5 rats (D:1)
40 creatures vanquished.

Notes
Turn   | Place    | Note
-------+----------+-------------------------------------------
     0 | D:1      | inqbanana the Ogre Chaos Knight began the quest for the
                  | Orb.
     0 | D:1      | Reached XP level 1. HP: 24/24 MP: 1/1
    61 | D:1      | XOM: silly message
   128 | D:1      | Reached XP level 2. HP: 32/32 MP: 2/2
   299 | D:1      | XOM: divination: detect creatures
   331 | D:1      | XOM: divination: detect items
   487 | D:1      | XOM: divination: detect creatures
   556 | D:1      | Reached XP level 3. HP: 31/40 MP: 3/3
   889 | D:1      | XOM: silly message
  1122 | D:2      | Reached skill level 1 in Armour
  1507 | D:2      | Reached XP level 4. HP: 14/49 MP: 4/4
  1521 | D:2      | HP: 2/49 [poisoned by a worker ant]
  1528 | D:2      | HP: 1/49 [poisoned by a worker ant]
  1531 | D:2      | Succumbed to a worker ant's poison

Illustrated notes

Levels and vault maps discovered:
D:1:      lightli_molten_gateway, layout_loops_ring
D:2:      layout_loops_corners, lemuel_coloured_pillars_altar,
          nzn_wu_jian_contemplation

Skill      XL: |  1  2  3 |
---------------+----------+-----
Maces & Flails | 3 |  3.5
Armour         | 1 |  1.1
Fighting       | |  4.6
Dodging        | |  2.7

Action                   |  1- 3 |  4- 6 || total
-------------------------+-------+-------++-------
Melee: Mace              |   135 |       ||   135
  Use: Scroll            |     6 |       ||     6
       Potion            |     3 |     1 ||     4
 Stab: Confused          |     1 |       ||     1
       Sleeping          |     1 |       ||     1
       Paralysed         |     1 |       ||     1
Armor: Robe              |    73 |       ||    73
Dodge: Dodged            |    86 |       ||    86
